 Dungeon Crawl Stone Soup version 0.28.0-1-gb440e238dd (webtiles) character file.

Game seed: 3354661012592483202

1089 spaghetti the Quickloader (level 8, 33/78 HPs)
             Began as a Deep Dwarf Hunter on Feb 20, 2022.
             Was a Follower of Okawaru.
             Quit the game on level 7 of the Dungeon.
             The game lasted 00:13:32 (4077 turns).

spaghetti the Quickloader (Deep Dwarf Hunter)       Turns: 4077, Time: 00:13:33

Health: 33/78      AC: 10    Str: 17    XL:     8   Next: 9%
Magic:  7/7        EV: 16    Int: 13    God:    Okawaru [*.....]
Gold:   171        SH:  0    Dex: 13    Spells: 7/7 levels left

rFire   . . .      SeeInvis .   b - +3 scythe (protect)
rCold   . . .      Faith    .   (shield currently unavailable)
rNeg    . . .      Spirit   .   c - +0 leather armour
rPois   .          Reflect  .   (no helmet)
rElec   .          Harm     .   (no cloak)
rCorr   .          Rampage  .   (no gloves)
Will    +....                   (no boots)
Stlth   +.........              (no amulet)
HPRegen 0.00/turn               d - +4 ring of evasion
MPRegen 0.10/turn               (no ring)

@: under a protective aura
A: damage resistance, heal wounds, sense surroundings 1, no regeneration
a: Heal Wounds, Renounce Religion, Heroism


You were on level 7 of the Dungeon.
You worshipped Okawaru.
Okawaru was aware of your devotion.
You visited 2 branches of the dungeon, and saw 8 of its levels.

You collected 171 gold pieces.

Inventory:

Hand Weapons
 a - a +1 hand crossbow
 b - a +3 scythe of protection (weapon)
 g - a +0 short sword
 j - a +0 triple sword
Missiles
 i - a throwing net (quivered)
 m - 2 bolts
Armour
 c - a +0 leather armour (worn)
Jewellery
 d - a +4 ring of evasion (left hand)
 l - a ring of ice
Wands
 n - a wand of paralysis (3)
Scrolls
 e - 5 scrolls of identify
 f - a scroll of immolation
 h - 2 scrolls of amnesia
 k - 2 scrolls of noise
 o - a scroll of fog
Potions
 p - a potion of brilliance


   Skills:
 + Level 6.4 Fighting
 + Level 8.6 Crossbows
 - Level 2.1 Dodging
 - Level 1.2 Stealth


You had 7 spell levels left.
You didn't know any spells.
Your spell library contained the following spells:

 Spells                   Type           Power      Damage    Failure   Level
 Apportation              Tloc           0%         N/A       36%         1
 Confusing Touch          Hex            0%         N/A       75%         3
 Yara's Violent Unravell  Hex/Tmut       0%         3d3       100%        5
 Enfeeble                 Hex            0%         N/A       100%        7
 Animate Skeleton         Necr           Unusable   N/A       N/A         1
 Summon Small Mammal      Summ           Unusable   N/A       N/A         1
 Summon Forest            Summ/Tloc      Unusable   N/A       N/A         5
 Summon Mana Viper        Hex/Summ       Unusable   N/A       N/A         5
 Summon Cactus Giant      Summ           Unusable   N/A       N/A         6

Dungeon Overview and Level Annotations

Branches:
Dungeon (7/15)             Temple (1/1) D:4

Altars:
Cheibriados
Dithmenos
Elyvilon
Fedhas
Gozag
Kikubaaqudgha
Makhleb
Nemelex Xobeh
Okawaru
Qazlal
Ru
Sif Muna
Uskayaw
Vehumet
Wu Jian
Xom
Yredelemnul

Annotations:
D:3 1 runed translucent door, Crazy Yiuf


Innate Abilities, Weirdness & Mutations

You are resistant to damage.
You can heal yourself by infusing magical energy.
You passively map a small area around you.
You do not regenerate.


Message History

An orc comes into view. It is wielding a +0 flail.
The orc shouts!
A bullfrog comes into view.
Found a potion of curing.
You start waiting.
A centaur is nearby!
The centaur shoots an arrow.
The arrow barely misses you.
You hit the wyvern.
Your weapon exudes an aura of protection.
The wyvern is lightly wounded.
The wyvern bites you!
The centaur shoots an arrow.
The arrow hits you. The wyvern closely misses you.
The centaur shoots an arrow.
The arrow hits you.
* * * LOW HITPOINT WARNING * * *
The wyvern completely misses you.
Okay, then.
Okay, then.
You slice the wyvern!!
The wyvern is almost dead.
The wyvern closely misses you.
The centaur unwields a +0 shortbow.
The centaur misses you. The centaur kicks you. The wyvern bites you!
* * * LOW HITPOINT WARNING * * *
The centaur misses you.
The centaur kicks you but does no damage.
The wyvern bites you.
You slash the wyvern!
You kill the wyvern!
Okawaru is honoured by your kill.
The centaur hits you but does no damage.
The centaur closely misses you. x2
The centaur kicks you but does no damage.
The orc closely misses you. The centaur misses you. The centaur kicks you.
You have reached level 8!
You feel clever.
Okay, then.
Your magical essence is drained by the effort!
You feel much better. The centaur misses you.
The centaur kicks you but does no damage.
The orc barely misses you. The centaur closely misses you.
The centaur kicks you but does no damage.
Are you sure you want to abandon this character and quit the game? (Confirm with "yes".)

#.........#, ,*
#.........#.. ,* *
,#.#########.. , *
###.#.........# ,
#...'.........#
#...#.........# ,
#...#........!# ,
#...#.........# ,
########c@.......#
#.......o#####+###
+........#
#........# , ,,
,,#......... ,
#........!# ,
*#........#c ,, ,
.####...##.. *
#...#


oF. ,* You could see a centaur and an orc.

Vanquished Creatures
  Sigmund (D:3)
  A wyvern (D:7)
  A black bear (D:4)
  2 ogres
  A scorpion (D:5)
  2 jellies
  An orc priest (D:3)
  A centaur skeleton (D:6)
  An iguana (D:5)
  3 orc wizards
  2 hound skeletons
  10 gnolls
  7 adders
  A worm (D:3)
  2 dart slugs
  5 orcs
  2 endoplasms
  2 giant cockroaches
  4 goblins
  2 hobgoblins
  9 jackals
  3 quokkas
  7 ball pythons
  5 bats
  2 frilled lizards (D:2)
  7 kobolds
  A rat (D:2)
85 creatures vanquished.

Vanquished Creatures (others)
  4 fungi (D:2)
  7 plants (D:2)
11 creatures vanquished.

Grand Total: 96 creatures vanquished

Notes
Turn   | Place    | Note
-------+----------+-------------------------------------------
     0 | D:1      | spaghetti the Deep Dwarf Hunter began the quest for the
                  | Orb.
     0 | D:1      | Reached XP level 1. HP: 19/19 MP: 1/1
   269 | D:1      | Reached XP level 2. HP: 26/26 MP: 2/2
   932 | D:2      | Reached XP level 3. HP: 33/33 MP: 3/3
   943 | D:2      | Reached skill level 5 in Crossbows
   978 | D:2      | Found a faded altar of an unknown god.
   982 | D:2      | Reached XP level 4. HP: 42/42 MP: 4/4
  1305 | D:3      | Found a runed translucent door.
  1306 | D:3      | Noticed Crazy Yiuf
  1727 | D:3      | Noticed Sigmund
  1762 | D:3      | Killed Sigmund
  1763 | D:3      | Reached skill level 6 in Crossbows
  1763 | D:3      | Reached XP level 5. HP: 8/51 MP: 5/5
  1763 | D:3      | Reached XP level 6. HP: 10/58 MP: 6/6
  2651 | D:4      | Reached skill level 7 in Crossbows
  2660 | D:4      | Reached skill level 5 in Fighting
  2814 | D:4      | Reached XP level 7. HP: 37/67 MP: 7/7
  2856 | D:4      | Found a staircase to the Ecumenical Temple.
  2875 | Temple   | Entered the Ecumenical Temple
  2886 | Temple   | Became a worshipper of Warmaster Okawaru
  3201 | D:4      | Found a sacrificial altar of Ru.
  3507 | D:5      | Entered Level 5 of the Dungeon
  3736 | D:5      | Reached skill level 8 in Crossbows
  3754 | D:5      | Found a radiant altar of Vehumet.
  3916 | D:5      | Reached * piety under Okawaru
  4067 | D:7      | Noticed a wyvern
  4075 | D:7      | Killed a wyvern
  4076 | D:7      | Reached XP level 8. HP: 12/78 MP: 8/8
  4077 | D:7      | Quit the game

Illustrated notes

Levels and vault maps discovered:
D:1:      grunt_arrival_lava_bath, layout_basic
D:2:      layout_basic, shapermc_ecumenical_altar_mp_urbaneastern
D:3:      layout_loops_corners, uniq_crazy_yiuf_cottage, uniq_sigmund
D:4:      layout_rooms, general_overflow_altar, temple_pool_b, minmay_unequal
D:5:      layout_gridville, mainiacjoe_overflow_tiny_flanked, serial_rivers,
          chequers_serial_rivers_micro_a, chequers_serial_rivers_small_3,
          chequers_serial_rivers_micro_e, chequers_serial_rivers_marsh,
          chequers_serial_rivers_room_a
D:6:      layout_cave_pools, trog_butcher_becter, nicolae_tso_carved_into_rock,
          grunt_decor_resistance, nicolae_good_shop, uniq_duvessa
D:7:      layout_gridville, serial_park_tiny_2, minmay_manual_moon
Temple:   nicolae_temple_no_exploring_needed

Skill      XL: |  1  2  3  4  5  6  7 |
---------------+----------------------+-----
Fighting       | 2 3 4 5 6 |  6.4
Crossbows      | 5 6 7 8 |  8.6
Dodging        | |  2.1
Stealth        | |  1.2

Action                   |  1- 3 |  4- 6 |  7- 9 || total
-------------------------+-------+-------+-------++-------
Melee: Short sword       |     2 |    26 |       ||    28
       Punch             |       |     1 |       ||     1
       Scythe            |       |    48 |    60 ||   108
 Fire: Hand crossbow     |    64 |    37 |    34 ||   135
Throw: Throwing net      |       |       |     1 ||     1
 Abil: Heal Wounds       |       |       |     3 ||     3
  Use: Potion            |       |     8 |     1 ||     9
       Scroll            |       |       |     7 ||     7
Armor: Leather armour    |     5 |    19 |    25 ||    49
Dodge: Dodged            |    15 |    64 |    98 ||   177
